 Dungeon Crawl Stone Soup version 0.28-a0-1510-gd0f6b136d3 (webtiles) character file.

Game seed: 2790034527041636513

4 psuckher the Caller (level 1, 0/14 HPs)
             Began as a Draconian Summoner on Jan 14, 2022.
             Slain by a quokka (2 damage)
             ... on level 1 of the Dungeon.
             The game lasted 00:01:01 (191 turns).

psuckher the Caller (Draconian Summoner)             Turns: 191, Time: 00:01:02

Health: 0/14       AC:  4    Str: 10    XL:     1   Next: 50%
Magic:  3/3        EV: 12    Int: 15    God:
Gold:   0          SH:  0    Dex: 11    Spells: 3/4 levels left

rFire   . . .      SeeInvis .   (no weapon)
rCold   . . .      Faith    .   (no shield)
rNeg    . . .      Spirit   .   (armour unavailable)
rPois   .          Reflect  .   (helmet restricted)
rElec   .          Harm     .   (no cloak)
rCorr   .          Rampage  .   (no gloves)
Will    .....                   (no boots)
Stlth   ++........              (no amulet)
HPRegen 0.04/turn               (no ring)
MPRegen 0.08/turn               (no ring)

@: mighty
A: AC +4, unfitting armour, cold-blooded
a: no special abilities


You were on level 1 of the Dungeon.
You visited 1 branch of the dungeon, and saw 1 of its levels.

Inventory:

Scrolls
 b - a scroll of enchant armour {unknown}


   Skills:
 + Level 1.7 Dodging
 + Level 1.7 Stealth
 + Level 2.0 Spellcasting
 + Level 4.2 Summonings


You had 3 spell levels left.
You knew the following spells:

 Your Spells              Type           Power      Damage    Failure   Level
a - Summon Small Mammal   Summ           56%        N/A       4%          1

Your spell library contained the following spells:

 Spells                   Type           Power      Damage    Failure   Level
 Call Imp                 Summ           14%        N/A       6%          2
 Call Canine Familiar     Summ           14%        N/A       12%         3
 Summon Guardian Golem    Hex/Summ       7%         N/A       28%         3
 Summon Lightning Spire   Summ/Air       7%         N/A       67%         4


Dungeon Overview and Level Annotations

Branches:
Dungeon (1/15)

Altars:


Innate Abilities, Weirdness & Mutations

Your plain brown scales are hard. (AC +4)
You cannot fit into any form of body armour.
You are cold-blooded and may be slowed by cold attacks.


Message History

You tail-slap the hobgoblin, but do no damage.
The hobgoblin is heavily wounded.
The bat barely misses you. The hobgoblin barely misses you.
You barely miss the hobgoblin. You tail-slap the hobgoblin.
You kill the hobgoblin!
The bat hits you but does no damage. The bat hits you but does no damage.
You barely miss the bat. The bat misses you.
The bat hits you but does no damage. The bat closely misses you.
You closely miss the bat. The bat hits you but does no damage.
You barely miss the bat. The bat barely misses you. x2
The bat hits you but does no damage.
You closely miss the bat.
Your tail-slap misses the bat.
Your punch misses the bat. The bat hits you but does no damage.
A quokka comes into view.
The bat closely misses you. The bat hits you but does no damage.
You barely miss the bat. The bat hits you but does no damage.
You barely miss the bat. The bat barely misses you. The bat misses you.
You closely miss the bat. The bat barely misses you.
The bat hits you but does no damage. The bat closely misses you.
The bat barely misses you. The bat misses you.
The bat hits you but does no damage. The quokka bites you.
* * * LOW HITPOINT WARNING * * *
You miss the bat. You tail-slap the bat.
The bat is moderately wounded.
The bat closely misses you. The bat hits you but does no damage.
The quokka closely misses you. x2
You barely miss the bat.
The bat is moderately wounded.
The bat barely misses you. The quokka bites you.
* * * LOW HITPOINT WARNING * * *
The bat barely misses you. The bat closely misses you. The bat misses you.
The bat hits you but does no damage. The bat barely misses you.
The bat closely misses you. The quokka closely misses you.
It was a potion of might.
You feel very mighty all of a sudden. The bat hits you but does no damage.
The quokka bites you.
You die...

.....#...............
####...).#.#.##.....
...####..#.#.....#.##
..............#.....#
...##........###....###
###...##...#.......
#....#.#......##
#.#..#.##......#
..≈........@r...#
.#P♣♣.....#..b...## #P
≈.....#.......# #≈
♣P....##..###...#
#.....##..####..#
......##......... ....
###.#..... .# .... ..
...


You could see a quokka and a bat.

Vanquished Creatures
  An endoplasm (D:1)
  A hobgoblin (D:1)
  2 rats (D:1)
4 creatures vanquished.

Notes
Turn   | Place    | Note
-------+----------+-------------------------------------------
     0 | D:1      | psuckher the Draconian Summoner began the quest for the
                  | Orb.
     0 | D:1      | Reached XP level 1. HP: 14/14 MP: 3/3
   191 | D:1      | Slain by a quokka

Illustrated notes

Levels and vault maps discovered:
D:1:      nicolae_arrival_washed_ashore, layout_rooms, basic_ecumenical_altar,
          serial_shops, shop, serial_bayou_pond_d

Action                   || total
-------------------------++-------
Melee: Unarmed           ||    29
       Tailslap          ||     7
  Use: Potion            ||     1
 Stab: Sleeping          ||     1
Armor: Skin              ||    20
Dodge: Dodged            ||    37

Table legend: (Time is in decaauts)
 A = Elapsed time spent in this place.
 B = Non-inter-level travel time spent in this place.
 C = Inter-level travel time spent in this place.
 D = Time resting spent in this place.
 E = Time spent auto-exploring this place.
 F = Levels seen in this place.
 G = Mean time per level.
                   A        B        C        D        E       F      G
               +--------+--------+--------+--------+--------+-----+--------+
         Total |    194 |    194 |      0 |      0 |      0 |   1 |  194.0 |
       Dungeon |    194 |    194 |      0 |      0 |      0 |   1 |  194.0 |
               +--------+--------+--------+--------+--------+-----+--------+

Top non-repeatable levels by time:
     D:1: 194 daAuts
